 Dungeon Crawl Stone Soup version 0.26.1-2-gb8aa6d0cf2 (webtiles) character file.

Game seed: 4322788530009641167

288905 H0rd4k the Fencer (level 21, -7/162 (166) HPs)
             Began as a Human Artificer on Feb 25, 2021.
             Was an Initiate of Gozag.
             Splashed with acid (9 damage)
             ... on level 1 of the Pits of Slime on Mar 2, 2021.
             The game lasted 03:52:23 (53692 turns).

H0rd4k the Fencer (Human Artificer)                Turns: 53692, Time: 03:52:23

HP:   -7/162 (166)  AC: 25    Str: 26    XL:     21   Next: 59%
MP:   35/35         EV: 19    Int: 28    God:    Gozag
Gold: 1937          SH:  0    Dex: 19    Spells: 16/41 levels left

rFire    + + .     SeeInvis .   h - +8 great sword of the Valley of Death {protect, +Inv +Fly rF- Int+9}
rCold    + + .     Faith    .   (shield currently unavailable)
rNeg     . . .     Spirit   .   e - +5 scale mail "Icael" {Harm rF+ Str+2}
rPois    +         Reflect  .   (helmet restricted)
rElec    .         Harm     +   r - scarf {rC+ rF+}
rCorr    .         Rampage  +   K - +0 pair of fencer's gloves {Riposte Dex+3}
Will     .....                  Y - +2 pair of boots {rampage}
Stlth    ++........             Q - amulet "Iptecup" {rF+ Will- Regen+ Str+6}
HPRegen  0.77/turn              R - ring "Affo" {rPois rC+ Int+3}
MPRegen  0.24/turn              H - ring of Shadows {Umbra +Inv Stlth+}

@: confused, protection aura, wreathed by umbra, lightly drained
A: antennae 1, agile 1, MP-powered wands
}: 2/15 runes: decaying, gossamer
a: Renounce Religion, Evoke Invisibility, Evoke Flight, Potion Petition, Call
Merchant, Bribe Branch


You were on level 1 of the Pits of Slime.
You worshipped Gozag.
Gozag was most pleased with you.
You visited 8 branches of the dungeon, and saw 33 of its levels.
You visited the Abyss 1 time.
You also visited: Ossuary, Gauntlet and Ice Cave.

You collected 17055 gold pieces.
You spent 5986 gold pieces at shops.
You paid 9132 gold pieces to Gozag.

Inventory:

Hand Weapons
 h - the +8 great sword of the Valley of Death (weapon) {protect, +Inv +Fly rF- Int+9}
   (You took it off a deep elf mage on level 3 of the Elven Halls)

   It grants its wielder temporary protection when it strikes (+7 to AC).
   It affects your intelligence (+9).
   It makes you vulnerable to fire.
   It lets you turn invisible.
   It lets you fly.
 J - the +6 arbalest "Damnation" {damnation}
   (You found it on level 10 of the Dungeon)
 T - the +10 spear "Leddef" {vorpal, *Corrode Int+5 Dex+4}
   (You found it on level 2 of the Elven Halls)

   It inflicts extra damage upon your enemies.
   It affects your intelligence (+5).
   It affects your dexterity (+4).
   It may corrode you when you take damage.
 U - the +12 Vampire's Tooth {vamp}
   (You bought it in a shop on level 3 of the Elven Halls)

   It inflicts no extra harm, but heals its wielder when it wounds a living foe.
Missiles
 N - 34 bolts
Armour
 e - the +5 scale mail "Icael" (worn) {Harm rF+ Str+2}
   (You found it in a Gauntlet)

   It affects your strength (+2).
   It protects you from fire.
   It increases damage dealt and taken.
 r - a scarf of resistance (worn)
 K - the +0 pair of fencer's gloves (worn) {Riposte Dex+3}
   (You bought it in a shop on level 1 of the Lair of Beasts)

   It affects your dexterity (+3).
 Y - a +2 pair of boots of rampaging (worn)
Jewellery
 a - an uncursed ring of resist corrosion
 v - an uncursed ring of see invisible
 H - the ring of Shadows (right hand) {Umbra +Inv Stlth+}
   (You found it on level 2 of the Lair of Beasts)

   [ring of stealth]

   It lets you turn invisible.
   It makes you more stealthy.
 Q - the amulet "Iptecup" (around neck) {rF+ Will- Regen+ Str+6}
   (You bought it in a shop on level 1 of the Lair of Beasts)

   [amulet of regeneration]

   It affects your strength (+6).
   It protects you from fire.
   It affects your willpower, your defense against some magical effects.
   It increases your rate of regeneration.
 R - the ring "Affo" (left hand) {rPois rC+ Int+3}
   (You bought it in a shop on level 1 of the Lair of Beasts)

   [ring of protection from cold]

   It affects your intelligence (+3).
   It protects you from cold.
   It protects you from poison.
Wands
 c - a wand of flame (66)
 g - a wand of disintegration (18)
 j - a wand of iceblast (20)
 F - a wand of digging (29)
 M - a wand of paralysis (55)
 O - a wand of acid (8)
Scrolls
 m - 3 scrolls of fear
 p - 4 scrolls of fog
 t - a scroll of remove curse
 D - 4 scrolls of magic mapping
 G - 14 scrolls of teleportation
Potions
 b - 5 potions of brilliance
 f - a potion of might
 k - 3 potions of mutation
 n - a potion of magic
 w - 5 potions of cancellation
 x - 17 potions of curing
 z - 10 potions of ambrosia
 B - 7 potions of flight
 C - 2 potions of resistance
 E - 2 potions of berserk rage
 P - 2 potions of invisibility
Miscellaneous
 i - a phantom mirror (inert)
 o - a lightning rod (4/4)
 q - a phial of floods
 u - a phial of floods
 y - a phial of floods
 L - a condenser vane
 V - a phantom mirror (inert)


   Skills:
 + Level 14.6 Fighting
 + Level 10.9(15.1) Short Blades
 + Level 17.0(18.0) Long Blades
 + Level 11.0 Crossbows
 + Level 5.9 Throwing
 + Level 10.5 Armour
 + Level 11.1 Dodging
 + Level 9.3 Stealth
 + Level 10.6 Spellcasting
 + Level 5.5 Conjurations
 + Level 8.7 Hexes
 - Level 6.5 Ice Magic
 + Level 4.0 Air Magic
 + Level 5.8 Evocations


You had 16 spell levels left.
You knew the following spells:

 Your Spells              Type           Power        Failure   Level
a - Corona                Hex            65%          1%          1
b - Ozocubu's Armour      Ice            50%          1%          3
c - Tukima's Dance        Hex            59%          1%          3
d - Cause Fear            Hex            29%          1%          4
e - Metabolic Englaciati  Hex/Ice        27%          9%          5
f - Silence               Hex/Air        25%          14%         5
g - Fulminant Prism       Conj/Hex       26%          3%          4

Your spell library contained the following spells:

 Spells                   Type           Power        Failure   Level
 Freeze                   Ice            100%         1%          1
 Ensorcelled Hibernation  Hex/Ice        100%         1%          2
 Confusing Touch          Hex            59%          1%          3
 Dazzling Flash           Conj/Hex       100%         1%          3
 Frozen Ramparts          Ice            100%         1%          3
 Foxfire                  Conj/Fire      100%         2%          1
 Inner Flame              Hex/Fire       39%          3%          3
 Static Discharge         Conj/Air       41%          3%          3
 Summon Guardian Golem    Hex/Summ       39%          3%          3
 Poisonous Vapours        Pois/Air       52%          4%          2
 Mephitic Cloud           Conj/Pois/Air  32%          6%          3
 Hailstorm                Conj/Ice       48%          6%          4
 Conjure Flame            Conj/Fire      30%          7%          3
 Animate Skeleton         Necr           28%          8%          1
 Apportation              Tloc           28%          8%          1
 Sting                    Tmut/Pois      56%          8%          1
 Summon Small Mammal      Summ           56%          8%          1
 Ice Form                 Ice/Tmut       33%          19%         4
 Summon Ice Beast         Ice/Summ       33%          19%         4
 Gell's Gravitas          Tloc           7%           22%         3
 Ignite Poison            Fire/Tmut/Pois 14%          22%         3
 Sticky Flame             Conj/Fire      30%          22%         4
 Lightning Bolt           Conj/Air       20%          28%         5
 Summon Mana Viper        Hex/Summ       39%          32%         5
 Yara's Violent Unravell  Hex/Tmut       19%          32%         5
 Fireball                 Conj/Fire      15%          54%         5
 Irradiate                Conj/Tmut      15%          54%         5
 Olgreb's Toxic Radiance  Pois           14%          58%         4
 Petrify                  Tmut/Erth      14%          58%         4
 Freezing Cloud           Conj/Ice/Air   22%          77%         6
 Summon Demon             Summ           7%           90%         5
 Summon Forest            Summ/Tloc      7%           90%         5
 Iron Shot                Conj/Erth      15%          98%         6
 Hydra Form               Tmut           7%           100%        6
 Shadow Creatures         Summ           N/A          100%        6
 Statue Form              Tmut/Erth      9%           100%        6
 Dragon Form              Tmut           7%           100%        7
 Malign Gateway           Summ/Tloc      7%           100%        7
 Monstrous Menagerie      Summ           7%           100%        7
 Summon Greater Demon     Summ           7%           100%        7
 Summon Hydra             Summ           7%           100%        7
 Discord                  Hex            29%          100%        8
 Ignition                 Fire           7%           100%        8
 Summon Horrible Things   Summ           7%           100%        8
 Shatter                  Erth           7%           100%        9
 Tornado                  Air            18%          100%        9


Dungeon Overview and Level Annotations

Branches:
Dungeon (12/15)            Temple (1/1) D:5            Lair (6/6) D:10
  Swamp (4/4) Lair:2       Spider (4/4) Lair:3        Slime (1/5) Lair:5
    Orc (2/2) D:10            Elf (3/3) Orc:2       Ossuary (visited)
  IceCv (visited)         Gauntlet (visited)

Altars:
Ashenzari
Cheibriados
Dithmenos
Elyvilon
Fedhas
Gozag
Hepliaklqana
Kikubaaqudgha
Makhleb
Nemelex Xobeh
Okawaru
Qazlal
Ru
Sif Muna
Trog
Uskayaw
Vehumet
Wu Jian
Xom
Yredelemnul
Zin
The Shining One
Jiyva

Shops:
D:7 (   D:9 (   Orc:2 :}:*[   Elf:3 [(}   Lair:1 [*=:((((

Annotations:
Lair:2 exclusion: upstairs
Swamp:1 exclusion: downstairs
Swamp:2 exclusion: downstairs
Spider:3 Asterion
Spider:4 exclusion: upstairs
Elf:1 exclusion: downstairs


Innate Abilities, Weirdness & Mutations

You have a pair of small antennae on your head.
You are agile. (Dex +2)
You expend magic power (3 MP) to strengthen your wands.


Message History

Unknown command.
You are splashed with acid!
* * * LOW HITPOINT WARNING * * *
The slime creature barely misses you.
The golden eye blinks!
The golden eye blinks at you.
You are more confused.
Unknown command.
You hit the slime creature.
Your weapon exudes an aura of protection.
The slime creature is heavily wounded.
You are splashed with acid.
* * * LOW HITPOINT WARNING * * *
Two slime creatures merge to form a large slime creature.
Two slime creatures merge to form an enormous slime creature.
Unknown command.
You are too confused!
You are more confused.
You feel invigorated.
You are splashed with acid!
You die...
Your body crumbles into a pile of gold.

.........$..$.......##
.................#...#
....#.....#......#.#
..# ##...###......##
....#.....#.§........
...................#..
........<.............
............GJJ.......
.....#.....#.@..#.....
#...###...###.........
##.# #..... .........
.. ..........#......
......§.......>...
...................
........#..........
..#.#...#...G.


You could see an enormous slime creature, a slime creature and 2 golden eyes.

Vanquished Creatures
  Arachne (Spider:3)
  Rupert (Orc:2)
  2 deep elf blademasters (Elf:3)
  2 deep elf master archers (Elf:3)
  Gastronok (Lair:2)
  A fenstrider witch (Swamp:2)
  Donald (Orc:2)
  2 deep elf sorcerers (Elf:3)
  4 ghost moths
  Louise (Spider:2)
  3 emperor scorpions
  A very ugly thing (Swamp:4)
  5 deep elf elementalists (Elf:3)
  Aizul (Spider:3)
  12 deep elf demonologists
  3 spark wasps
  A white draconian (IceCv)
  A minotaur (Gauntlet)
  4 deep elf annihilators
  2 entropy weavers (Spider:3)
  3 bunyips
  2 green deaths (Swamp:4)
  A death ooze (Swamp:4)
  An eleionoma (Swamp:3)
  12 deep elf death magi
  3 deep elf high priests
  Erolcha (Orc:2)
  The ghost of Zoobame the Devastator, a journeyman DEWz of Sif Muna (Lair:2)
  2 boulder beetles
  18 hydras
  2 hell beasts (Swamp:4)
  6 alligators
  2 ghost crabs
  The ghost of tysohal the Grappler, a novice TrWr of Uskayaw (D:8)
  A catoblepas (Lair:6)
  6 two-headed ogres
  A tengu warrior (Swamp:3)
  7 death yaks
  Urug (Lair:4)
  3 orc high priests (Orc:2)
  A wretched star (Abyss:2)
  17 deep elf knights
  5 skeletal warriors (D:12)
  3 goliath frogs
  8 swamp dragons
  9 bog bodies
  2 unseen horrors (D:10)
  3 spriggan druids
  19 orb spiders
  14 deep elf archers
  A necromancer (Lair:4)
  A spectral wolf spider (Gauntlet)
  5 orc knights
  A wolf spider zombie (Gauntlet)
  45 wolf spiders
  5 orc sorcerers
  66 deep elf magi
  5 will-o-the-wisps
  An oklob plant (Lair:6)
  A worldbinder (Gauntlet)
  5 ugly things
  3 cyclopes
  2 black mambas (Lair:6)
  3 moths of wrath
  26 elephants
  An ice statue (IceCv)
  2 smoke demons (Abyss:2)
  2 orange demons (Swamp:4)
  22 cane toads
  A torpor snail (Spider:1)
  21 demonic crawlers
  2 rime drakes
  2 ice devils (Lair:5)
  11 komodo dragons
  2 tengu conjurers
  24 jumping spiders
  8 trolls
  A silent spectre (Abyss:2)
  A queen bee (Spider:4)
  4 bloated husks
  3 meliai (Spider:4)
  29 blink frogs
  15 polar bears
  4 tyrant leeches
  21 hornets
  12 slime creatures
  A meliai zombie (D:11)
  A dream sheep (Lair:6)
  5 flying skulls (Gauntlet)
  3 shadows (Swamp:4)
  5 air elementals
  23 spriggans
  66 redbacks
  5 wyverns
  4 wraiths
  56 yaks
  3 fire bats (Lair:6)
  36 tarantellas
  A ynoxinul (Abyss:2)
  2 water elementals (Elf:3)
  3 basilisks
  A golden eye (Slime:1)
  3 fire elementals
  2 vampire mosquitoes (Swamp:2)
  5 large abominations
  Menkaure (Ossuary)
  19 swamp worms
  2 soldier ants
  An acid dragon (D:12)
  17 water moccasins
  20 orc warriors
  3 ice beasts
  3 sky beasts
  5 black bears
  7 boggarts
  36 wolves
  5 phantoms
  14 ogres
  5 centaurs
  An elf zombie (Ossuary)
  13 bullfrogs
  Blork the orc (D:4)
  3 earth elementals
  5 gnoll sergeants
  A wyvern skeleton (D:10)
  A water moccasin skeleton (D:8)
  5 scorpions
  26 killer bees
  15 wights
  6 centaur zombies
  2 howler monkeys
  3 bullfrog zombies
  10 jellies
  A quasit (Abyss:2)
  A crimson imp (Spider:1)
  10 hounds
  3 small abominations (Abyss:2)
  5 centaur skeletons
  A gnoll shaman (D:7)
  18 orc priests
  A bullfrog skeleton (D:10)
  5 iguanas
  35 orc wizards
  5 hell rats
  A polar bear simulacrum (Lair:4)
  19 worker ants
  2 wolf simulacra (Lair:4)
  3 yak simulacra (Lair:4)
  A killer bee zombie (D:9)
  2 ogre zombies (Ossuary)
  A hound skeleton (D:6)
  5 mummies
  3 worker ant zombies
  22 gnolls
  7 adders
  5 river rats
  2 shadow imps
  5 white imps
  An ufetubus (Abyss:2)
  4 oozes
  2 adder skeletons (D:8)
  4 adder zombies
  5 worms
  7 leopard geckos
  79 orcs
  3 giant cockroaches
  8 hobgoblins
  5 jackals (D:7)
  8 kobolds
  10 quokkas
  2 ball pythons
  9 bats
  9 frilled lizards
  9 goblins
  2 goblin skeletons (D:4)
  6 goblin zombies (Ossuary)
  4 hobgoblin zombies
  A jackal skeleton (D:5)
  A jackal zombie (D:9)
  2 kobold zombies (Ossuary)
  A leopard gecko skeleton (D:8)
  A leopard gecko zombie (D:7)
  2 orc zombies
  A quokka skeleton (D:8)
  7 quokka zombies
  16 rats
  4 rat zombies (Ossuary)
  5 river rat simulacra (Lair:4)
1398 creatures vanquished.

Vanquished Creatures (collateral kills)
  A deep elf archer (Elf:1)
  A wight (D:9)
  2 mummies (Ossuary)
  A gnoll (D:7)
  An orc (D:9)
  2 quokkas (D:7)
  4 rats (D:7)
12 creatures vanquished.

Vanquished Creatures (others)
  A hydra (Swamp:4)
  23 dancing weapons
  An alligator (Swamp:2)
  A swamp dragon (Swamp:2)
  A deep elf mage (Elf:3)
  4 polar bears (IceCv)
  3 bloated husks
  A yak (IceCv)
  A water moccasin (D:7)
  A bullfrog (Lair:1)
  A wight (D:9)
  2 killer bees (Spider:4)
  An orc priest (D:7)
  A hound (D:5)
  A worker ant (D:5)
  A bush (Lair:5)
  32 foxfires
  7 fulminant prisms
  47 fungi
  56 plants
  11 starspawn tentacles (Abyss:2)
  2 withered plants (Lair:2)
199 creatures vanquished.

Grand Total: 1609 creatures vanquished

Notes
Turn   | Place    | Note
-------+----------+-------------------------------------------
     0 | D:1      | H0rd4k the Human Artificer began the quest for the Orb.
     0 | D:1      | Reached XP level 1. HP: 15/15 MP: 1/1
   232 | D:1      | Reached XP level 2. HP: 21/21 MP: 2/2
   375 | D:1      | You fall into a shaft and drop 1 floor!
   553 | D:2      | Reached XP level 3. HP: 15/26 MP: 3/3
   983 | D:2      | Found a stormy altar of Qazlal.
  2604 | D:3      | Reached XP level 4. HP: 26/32 MP: 4/4
  2611 | D:3      | Reached skill level 1 in Short Blades
  3593 | D:3      | Reached XP level 5. HP: 27/37 MP: 5/5
  3766 | D:3      | Found a faded altar of an unknown god.
  3786 | D:3      | Found a broken altar of Ashenzari.
  4108 | D:3      | Found a shadowy altar of Dithmenos.
  4254 | D:4      | Noticed Blork the orc
  4258 | D:4      | Killed Blork the orc
  4259 | D:4      | Reached XP level 6. HP: 37/44 MP: 6/6
  4494 | D:4      | Found a glowing golden altar of the Shining One.
  4852 | D:4      | Reached skill level 1 in Throwing
  4889 | D:4      | Reached XP level 7. HP: 5/51 MP: 7/7
  5563 | D:5      | Entered Level 5 of the Dungeon
  5816 | D:5      | Reached XP level 8. HP: 36/58 MP: 8/8
  5956 | D:5      | Found an ornate altar of the Wu Jian Council.
  5974 | D:5      | Found a staircase to the Ecumenical Temple.
  6255 | Temple   | Entered the Ecumenical Temple
  6330 | Temple   | Became a worshipper of Gozag Ym Sagoz the Greedy
  6459 | D:6      | Found a snail-covered altar of Cheibriados.
  6665 | D:6      | Found a sand-covered staircase.
  6673 | Ossuary  | Entered an ossuary
  6822 | Ossuary  | Reached skill level 5 in Short Blades
  7376 | Ossuary  | Noticed Menkaure
  7582 | Ossuary  | Killed Menkaure
  7773 | D:6      | Reached XP level 9. HP: 49/65 MP: 9/9
  8792 | D:7      | Reached skill level 5 in Fighting
  9378 | D:7      | Found Keucejym's Weapon Boutique.
  9713 | D:7      | Reached XP level 10. HP: 68/74 MP: 10/10
 10521 | D:7      | Reached skill level 5 in Armour
 10698 | D:7      | Reached skill level 5 in Dodging
 12283 | D:8      | Noticed a moth of wrath
 12294 | D:8      | Found a bloodstained altar of Trog.
 12294 | D:8      | Noticed tysohal's ghost (novice TrWr)
 12300 | D:8      | Found a transporter.
 12358 | D:8      | Found a hazy altar of Hepliaklqana.
 12359 | D:8      | Found a bloodstained altar of Trog.
 12522 | D:8      | Found a transporter.
 13319 | D:9      | Found Yrerr's Antique Weapon Shop.
 13459 | D:9      | Reached XP level 11. HP: 64/84 MP: 11/11
 13513 | D:9      | Noticed a two-headed ogre
 13531 | D:9      | Killed a two-headed ogre
 13532 | D:9      | Reached skill level 10 in Short Blades
 14438 | D:10     | Entered Level 10 of the Dungeon
 14587 | D:10     | Reached skill level 1 in Long Blades
 14587 | D:10     | Reached skill level 5 in Stealth
 14647 | D:10     | Reached skill level 2 in Long Blades
 14719 | D:10     | Noticed a two-headed ogre
 14741 | D:9      | Killed a two-headed ogre
 14742 | D:9      | Reached skill level 3 in Long Blades
 15432 | D:10     | Found a staircase to the Lair.
 15609 | D:10     | Reached skill level 4 in Long Blades
 15914 | Lair:1   | Entered Level 1 of the Lair of Beasts
 15965 | Lair:1   | Noticed a six-headed hydra
 15983 | Lair:1   | Killed a six-headed hydra
 15984 | Lair:1   | Reached skill level 5 in Long Blades
 16002 | Lair:1   | Found a gate leading to a gauntlet.
 16024 | Lair:1   | Reached XP level 12. HP: 35/94 MP: 12/12
 16068 | Lair:1   | Bought the +7 Kryia's mail coat {PotionHeal*2 rC+} for 600
                  | gold pieces
 16068 | Lair:1   | Found the +7 Kryia's mail coat {PotionHeal*2 rC+}
 16068 | Lair:1   | Bought the +0 pair of fencer's gloves {Riposte Dex+3} for
                  | 400 gold pieces
 16068 | Lair:1   | Found the +0 pair of fencer's gloves {Riposte Dex+3}
 16068 | Lair:1   | Bought a +2 helmet of see invisible for 215 gold pieces
 16105 | Gauntlet | Entered a Gauntlet
 16105 | Gauntlet | Found a transporter.
 16105 | Gauntlet | Found a runed translucent gate.
 16105 | Gauntlet | Found a runed translucent gate.
 16136 | Gauntlet | Found a runed translucent gate.
 16141 | Gauntlet | Found a transporter.
 16144 | Gauntlet | Found a transporter.
 16157 | Gauntlet | Found a transporter.
 16158 | Gauntlet | Found a transporter.
 16164 | Gauntlet | Found a runed translucent door.
 16165 | Gauntlet | Noticed a hell beast
 16167 | Gauntlet | Found a transporter.
 16182 | Gauntlet | Found a transporter.
 16189 | Gauntlet | Noticed a blizzard demon
 16193 | Gauntlet | Found a transporter.
 16204 | Gauntlet | Noticed a death drake
 16205 | Gauntlet | Found a transporter.
 16210 | Gauntlet | Found a transporter.
 16210 | Gauntlet | Found a transporter.
 16238 | Gauntlet | Found a transporter.
 16238 | Gauntlet | Found a transporter.
 16292 | Gauntlet | Found a transporter.
 16707 | Gauntlet | Reached skill level 6 in Long Blades
 16744 | Gauntlet | Got a glimmering demon trident
 16745 | Gauntlet | Identified the cursed +2 demon trident "Demonslayer"
                  | {vorpal, rN+ Int+7} (You found it in a Gauntlet)
 16768 | Gauntlet | Got a crude arbalest
 16825 | Gauntlet | Identified the +6 arbalest of Evolution {elec, MP+9 Dex+2}
                  | (You found it in a Gauntlet)
 16922 | Gauntlet | Noticed a minotaur
 17181 | Gauntlet | Killed a minotaur
 17182 | Gauntlet | Reached skill level 1 in Crossbows
 17187 | Gauntlet | Identified the Handbook of Excruciating Cold
 17189 | Gauntlet | Got a steaming halberd
 17189 | Gauntlet | Got a smelly scale mail
 17255 | Lair:1   | Identified the +5 halberd "Waproihel" {drain, +Rage rElec
                  | Stlth+} (You found it in a Gauntlet)
 17279 | Lair:1   | Bought a scroll of enchant weapon for 240 gold pieces
 17292 | Lair:1   | Identified the +5 scale mail "Icael" {Harm rF+ Str+2} (You
                  | found it in a Gauntlet)
 17430 | Lair:1   | Noticed a four-headed hydra
 17465 | Lair:2   | Found a runed translucent door.
 17465 | Lair:2   | Noticed Zoobame's ghost (journeyman DEWz)
 17519 | Lair:2   | Noticed Gastronok
 17538 | Lair:2   | Killed Gastronok
 17539 | Lair:2   | Reached skill level 7 in Long Blades
 17539 | Lair:2   | Reached skill level 5 in Evocations
 17589 | Lair:2   | Noticed a seven-headed hydra
 17598 | Lair:2   | Killed a seven-headed hydra
 17838 | Lair:2   | Found the ring of Shadows {Umbra +Inv Stlth+}
 17948 | Lair:1   | Noticed a seven-headed hydra
 17960 | Lair:1   | Killed a seven-headed hydra
 18018 | Lair:1   | Reached XP level 13. HP: 90/101 MP: 13/13
 18107 | Lair:1   | Reached skill level 8 in Long Blades
 18201 | D:10     | Found a staircase to the Orcish Mines.
 18205 | D:10     | Found the +6 arbalest "Damnation" {damnation}
 19450 | D:8      | Killed tysohal's ghost
 19666 | D:10     | Reached skill level 9 in Long Blades
 19826 | D:10     | Noticed a boulder beetle
 19914 | D:10     | Killed a boulder beetle
 19915 | D:10     | Reached skill level 5 in Crossbows
 20430 | D:11     | Found a viscous altar of Jiyva.
 21406 | Orc:1    | Entered Level 1 of the Orcish Mines
 21561 | Orc:1    | You fall into a shaft and drop 1 floor!
 21561 | Orc:2    | Entered Level 2 of the Orcish Mines
 21562 | Orc:2    | Noticed Erolcha
 21570 | Orc:2    | Killed Erolcha
 21571 | Orc:2    | Reached skill level 10 in Long Blades
 21572 | Orc:2    | Found a staircase to the Elven Halls.
 21593 | Orc:2    | Reached XP level 14. HP: 80/109 MP: 14/14
 21659 | Orc:2    | Found Jaffuuc's Book Shop.
 21704 | Orc:2    | Noticed Rupert
 21707 | Orc:2    | Paralysed by Rupert for 6 turns
 21713 | Orc:2    | Killed Rupert
 21770 | Orc:2    | Noticed Donald
 21775 | Orc:2    | Killed Donald
 21941 | Orc:2    | Reached skill level 10 in Fighting
 22202 | Orc:2    | Found Roteshro's Armour Emporium.
 22211 | Orc:2    | Found Kiryhila's Assorted Antiques.
 22219 | Orc:2    | Bought a +2 pair of boots of rampaging for 236 gold pieces
 22222 | Orc:2    | Bought a masterwork chain mail for 266 gold pieces
 22222 | Orc:2    | Found Zysufucw's Book Shop.
 22224 | Orc:2    | Found Doud Axt's Gadget Emporium.
 22692 | Orc:2    | Identified the +7 chain mail of the Butcher {rN+ Int+3
                  | Slay-5 Stlth+} (You bought it in a shop on level 2 of the
                  | Orcish Mines)
 22767 | D:10     | Learned a level 1 spell: Corona
 22771 | D:10     | Learned a level 3 spell: Ozocubu's Armour
 22887 | D:12     | Reached skill level 1 in Spellcasting
 22889 | D:12     | Reached skill level 1 in Ice Magic
 22893 | D:12     | Reached skill level 1 in Hexes
 23894 | D:12     | Found a radiant altar of Vehumet.
 24397 | Lair:1   | Reached XP level 15. HP: 90/117 MP: 18/18
 25257 | Lair:2   | Found a staircase to the Swamp.
 25388 | Lair:2   | Killed Zoobame's ghost
 25455 | Lair:3   | Found a hole to the Spider Nest.
 25808 | Lair:3   | Reached skill level 10 in Crossbows
 26180 | Lair:3   | Reached skill level 11 in Long Blades
 26946 | Lair:4   | Got a glimmering ring mail
 27498 | Lair:4   | Noticed Urug
 27501 | Lair:4   | Killed Urug
 28115 | Lair:4   | Identified the +9 ring mail "Zanyoc" {Int+4} (You found it
                  | on level 4 of the Lair of Beasts)
 28164 | Lair:5   | Found a runed translucent door.
 28165 | Lair:5   | Found a viscous altar of Jiyva.
 28165 | Lair:5   | Found a staircase to the Slime Pits.
 28181 | Lair:5   | Found a frozen archway.
 28193 | IceCv    | Entered an ice cave
 28258 | IceCv    | Got a steaming hand axe
 28943 | IceCv    | Identified the cursed +1 hand axe of Resumed Hostilities
                  | {vamp, +Rage rPois rN++ Int-3} (You found it in an ice
                  | cave)
 29419 | Lair:5   | Reached XP level 16. HP: 66/125 MP: 22/22
 30346 | Lair:6   | Entered Level 6 of the Lair of Beasts
 30381 | Lair:6   | Reached skill level 12 in Long Blades
 30381 | Lair:6   | Reached skill level 5 in Ice Magic
 30474 | Lair:6   | Reached skill level 5 in Hexes
 31665 | Lair:6   | Reached skill level 5 in Spellcasting
 32227 | Lair:6   | Learned a level 3 spell: Tukima's Dance
 32232 | Lair:6   | Learned a level 4 spell: Cause Fear
 32238 | Lair:6   | Learned a level 5 spell: Metabolic Englaciation
 32509 | Lair:1   | Bought the amulet "Iptecup" {rF+ Will- Regen+ Str+6} for
                  | 681 gold pieces
 32509 | Lair:1   | Bought the ring "Affo" {rPois rC+ Int+3} for 552 gold
                  | pieces
 32571 | Lair:1   | Learned a level 5 spell: Silence
 32625 | Spider:1 | Entered Level 1 of the Spider Nest
 32772 | Lair:1   | Bought 15 bolts for 36 gold pieces
 32896 | Spider:1 | Reached skill level 1 in Air Magic
 32896 | Spider:1 | Reached XP level 17. HP: 133/133 MP: 25/25
 33107 | Spider:1 | Reached skill level 13 in Long Blades
 34841 | Spider:2 | Noticed Louise
 34848 | Spider:2 | Killed Louise
 35360 | Spider:2 | Reached skill level 14 in Long Blades
 35464 | Spider:3 | Reached skill level 5 in Throwing
 35734 | Spider:3 | Noticed Arachne
 35746 | Spider:3 | Killed Arachne
 35922 | Spider:3 | Reached XP level 18. HP: 108/141 MP: 28/28
 36072 | Spider:3 | Noticed Aizul
 36088 | Spider:3 | Killed Aizul
 36688 | Spider:4 | Entered Level 4 of the Spider Nest
 36703 | Spider:4 | Noticed Asterion
 37952 | Spider:4 | Reached skill level 15 in Long Blades
 38346 | Spider:4 | Reached skill level 10 in Dodging
 38430 | Spider:4 | Got a gossamer rune of Zot
 38762 | Swamp:1  | Entered Level 1 of the Swamp
 39641 | Swamp:1  | Reached XP level 19. HP: 117/149 MP: 28/31
 40158 | Swamp:1  | Identified a scroll of acquirement
 40158 | Swamp:1  | Acquired 568 gold pieces
 40895 | Swamp:2  | Paralysed by a fenstrider witch for 4 turns
 41363 | Swamp:3  | HP: 2/149 [eleionoma/spray of wooden splinters (36)]
 42654 | Swamp:4  | Entered Level 4 of the Swamp
 43082 | Swamp:4  | Reached skill level 10 in Armour
 43202 | Swamp:4  | Reached skill level 16 in Long Blades
 44424 | Swamp:4  | Got a decaying rune of Zot
 44467 | Swamp:4  | Learned a level 4 spell: Fulminant Prism
 44742 | Elf:1    | Entered Level 1 of the Elven Halls
 44743 | Elf:1    | Acquired 921 gold pieces
 45123 | Elf:2    | Reached skill level 1 in Conjurations
 45295 | Elf:2    | Noticed an Ice Fiend
 45301 | Elf:2    | Reached XP level 20. HP: 46/158 MP: 33/33
 45707 | Elf:2    | Found a runed translucent gate.
 45707 | Elf:2    | Found a runed translucent gate.
 45709 | Elf:2    | Found a runed translucent gate.
 45870 | Elf:2    | Got a slimy spear
 45871 | Elf:2    | Identified the +10 spear "Leddef" {vorpal, *Corrode Int+5
                  | Dex+4} (You found it on level 2 of the Elven Halls)
 47391 | Elf:1    | Gained mutation: Your body sometimes deteriorates upon
                  | taking damage. [a neqoxec]
 47395 | Elf:1    | Gained mutation: You are weak. (Str -2) [a neqoxec]
 47785 | Elf:1    | Lost mutation: Your body sometimes deteriorates upon taking
                  | damage. [potion of mutation]
 47785 | Elf:1    | Lost mutation: You are weak. (Str -2) [potion of mutation]
 47785 | Elf:1    | Gained mutation: You have a pair of small antennae on your
                  | head. [potion of mutation]
 47785 | Elf:1    | Gained mutation: You are agile. (Dex +2) [potion of
                  | mutation]
 47785 | Elf:1    | Gained mutation: You expend magic power (3 MP) to
                  | strengthen your wands. [potion of mutation]
 48968 | Elf:3    | Entered Level 3 of the Elven Halls
 49339 | Elf:3    | Found Gewuatid's Armour Shoppe.
 49341 | Elf:3    | Found Gydonk's Antique Weapon Emporium.
 49343 | Elf:3    | Found Ronawk's Gadget Shoppe.
 49353 | Elf:3    | Bought the +12 Vampire's Tooth {vamp} for 2760 gold pieces
 49353 | Elf:3    | Found the +12 Vampire's Tooth {vamp}
 50000 | Elf:3    | Reached skill level 10 in Spellcasting
 50063 | Elf:3    | Reached skill level 17 in Long Blades
 50098 | Elf:3    | Reached XP level 21. HP: 165/165 MP: 35/35
 50288 | Elf:3    | Reached skill level 5 in Conjurations
 50386 | Elf:3    | Cast into level 2 of the Abyss (a deep elf sorcerer)
 50453 | Abyss:2  | Found a shimmering blue altar of Sif Muna.
 50602 | Abyss:2  | Found a corrupted altar of Lugonu.
 51114 | Elf:3    | Escaped the Abyss
 51274 | Elf:3    | Identified the cursed +1 scale mail "Rotiwna" {Will+ MP+9}
 51453 | Elf:3    | Identified the ring "Maafin" {Ice *Corrode rN+++}
 51456 | Elf:3    | Identified the ring of Ipliyn {*Tele MP+9 Dex+4 Slay+2}
 51769 | Elf:3    | Identified the +8 great sword of the Valley of Death
                  | {protect, +Inv +Fly rF- Int+9}
 51772 | Elf:3    | Paralysed by a deep elf mage for 7 turns
 52567 | Elf:3    | Got a fading scale mail
 52579 | Elf:3    | Identified the +3 scale mail of Beastly Joy {rPois SInv}
                  | (You found it on level 3 of the Elven Halls)
 52599 | Elf:3    | Identified the Incunabulum of Hexes and Flames
 53296 | Elf:3    | Got a masterwork plate armour
 53554 | Lair:1   | Identified the cursed +0 plate armour "Buera" {Harm rC-
                  | Str+3} (You found it on level 3 of the Elven Halls)
 53642 | Slime:1  | Entered Level 1 of the Pits of Slime
 53690 | Slime:1  | HP: 7/162 [acid (8)]
 53691 | Slime:1  | HP: 2/162 [acid (6)]
 53692 | Slime:1  | Splashed with acid

Illustrated notes

Levels and vault maps discovered:
D:1:      minmay_arrival_four_loops, layout_basic, dk_noncrumbling_3
D:2:      layout_loops_corners, grunt_qazlal_clouds
D:3:      layout_rooms, grunt_dithmenos_smoke, chequers_ecumenical_altar_island,
          ashenzari_altar_1
D:4:      corexii_shack_village, layout_basic, nicolae_tso_besieged_by_evil,
          uniq_blork_the_orc
D:5:      layout_cave_pools, nzn_wu_jian_council_hall,
          minmay_temple_entry_overgrown
D:6:      layout_loops_ring, slow_altar_2, lightli_ossuary_entry_decrepit_ruins
D:7:      lemuel_ratsnest, layout_cave_pools, serial_gnoll_camp,
          gnoll_camp_mini_shop, gnoll_camp_mini_hut, gnoll_camp_medium_02,
          gnoll_camp_mini_basic
D:8:      minmay_four_partial_circles, layout_loops_ring,
          gammafunk_temple_overflow_pools, gammafunk_ghost_wrathful_warriors
D:9:      minmay_flawed_box, layout_irregular_city, serial_shops,
          nicolae_shop_overgrown_old_shop
D:10:     minmay_slanted_spiral_squares, layout_layer_cave, lair_entry_dummy
D:11:     layout_irregular_city, amcnicky_mini_corridor_feature, jiyva_altar_1
D:12:     layout_stronghold, kennysheep_flooded_box, pond
Temple:   regret_index_temple_waves
Lair:1:   layout_hall_layers, gauntlet_entry_generic,
          infiniplex_staircase_pool_2
Lair:2:   layout_concentric_octagons, minmay_swamp_entry_worms,
          gammafunk_ghost_grave, uniq_gastronok
Lair:3:   layout_layer_cave, spider_nest_entry_rubble
Lair:4:   beast_lair_carwin_large_1, layout_cave_pods, eino_house_with_fridge,
          uniq_urug
Lair:5:   layout_regular_city, slime_altar_2, portal_ice_cave_demonic_guard,
          beast_lair_carwin_4
Lair:6:   minmay_lair_end_enchanted_forest, layout_gridlike, st_stairs_9,
          dpeg_oklob_1
Swamp:1:  layout_basic_swamp, evilmike_swamp_ruin_house_1
Swamp:2:  layout_basic_swamp, hangedman_swamp_cone
Swamp:3:  layout_basic_swamp, evilmike_swamp_ruin_house_6, swamp_pool3,
          kb_tengu_band
Swamp:4:  swamp_vile, layout_basic_swamp, swamp_pool2,
          nicolae_swamp_little_tower
Spider:1: layout_spider_delve, nicolae_crawler_farm
Spider:2: layout_spider_delve, hangedman_spider_tarantella_strand, uniq_louise
Spider:3: layout_spider_delve, uniq_arachne, uniq_aizul
Spider:4: grunt_spider_rune_parallel, special_room [special_room_bee],
          uniq_asterion
Slime:1:  layout_caves, cheibrodos_slime_lost_civilization_5
Orc:1:    layout_caves
Orc:2:    st_orc_elflike, layout_diamond_mine, serial_shops, shop, uniq_rupert,
          uniq_erolcha, uniq_donald
Elf:1:    layout_gridlike, kennysheep_underground_church,
          hangedman_decor_cross_pass
Elf:2:    layout_gridlike
Elf:3:    elf_hall, layout_loops_corners, grunt_megastairs_2, minmay_shop_star

Skill      XL: |  1  2  3  4  5  6  7  8  9 10 11 12 13 14 15 16 17 18 19 20 21 |
---------------+----------------------------------------------------------------+-----
Short Blades   | 1 2 3 4 6 8 9 10 | 10.9
Armour         | 3 4 5 7 8 9 10 | 10.5
Fighting       | 2 3 4 5 7 8 9 10 11 12 13 14 | 14.6
Dodging        | 2 3 4 5 6 7 8 9 10 11 | 11.1
Stealth        | 2 3 4 5 6 7 8 9 |  9.3
Throwing       | 1 2 3 4 5 |  5.9
Evocations     | 4 5 |  5.8
Long Blades    | 5 7 10 11 12 14 15 16 17 | 17.0
Crossbows      | 3 6 9 10 11 | 11.0
Spellcasting   | 2 4 5 7 8 9 10 | 10.6
Ice Magic      | 2 4 6 |  6.5
Hexes          | 2 4 6 7 8 |  8.7
Air Magic      | 1 3 4 |  4.0
Conjurations   | 1 4 5 |  5.5

Action                   |  1- 3 |  4- 6 |  7- 9 | 10-12 | 13-15 | 16-18 | 19-21 || total
-------------------------+-------+-------+-------+-------+-------+-------+-------++-------
Melee: Dagger            |   146 |   281 |   163 |       |       |       |       ||   590
       Short sword       |       |       |   592 |   769 |       |       |       ||  1361
       Long sword        |       |       |       |   315 |   633 |   661 |       ||  1609
       Great sword       |       |       |       |       |       |   514 |   771 ||  1285
       Double sword      |       |       |       |       |       |    23 |       ||    23
       Quick blade       |       |       |       |       |       |       |   515 ||   515
 Fire: Arbalest          |       |       |       |       |   147 |    57 |    61 ||   265
Throw: Dart              |       |     9 |    18 |    43 |     7 |    97 |    45 ||   219
 Cast: Ozocubu's Armour  |       |       |       |       |       |     6 |     2 ||     8
       Corona            |       |       |       |       |       |     3 |     4 ||     7
       Metabolic Englaci |       |       |       |       |       |     3 |     1 ||     4
       Tukima's Dance    |       |       |       |       |       |     1 |     2 ||     3
       Silence           |       |       |       |       |       |       |    25 ||    25
       Fulminant Prism   |       |       |       |       |       |       |     7 ||     7
       Cause Fear        |       |       |       |       |       |       |     1 ||     1
Invok: Call Merchant     |       |       |       |     2 |       |     5 |     1 ||     8
 Abil: Evoke Invisibilit |       |       |       |       |       |     1 |       ||     1
Evoke: Wand              |       |     6 |    17 |    29 |     6 |     9 |    21 ||    88
       Tin of tremorston |       |       |       |     2 |     2 |       |       ||     4
       Phial of floods   |       |       |       |       |       |       |     1 ||     1
       Phantom mirror    |       |       |       |       |       |       |     1 ||     1
  Use: Scroll            |       |       |     5 |    23 |     9 |     8 |    17 ||    62
       Potion            |       |       |     3 |    10 |       |     3 |    10 ||    26
 Stab: Sleeping          |     2 |     2 |    14 |     5 |    17 |    12 |    18 ||    70
       Distracted        |       |       |     1 |     4 |     8 |    26 |    13 ||    52
       Held in net/web   |       |       |       |       |       |     1 |       ||     1
Armor: Leather armour    |    25 |    48 |    86 |   139 |       |       |       ||   298
       Scale mail        |       |       |       |    70 |   144 |       |    12 ||   226
       Ring mail         |       |       |       |       |    80 |   623 |   334 ||  1037
Dodge: Dodged            |    65 |   116 |   297 |   549 |   400 |  1294 |   755 ||  3476
       Rpst.: Long sword |       |       |       |    61 |   185 |   273 |       ||   519
       Arbalest          |       |       |       |       |     1 |     4 |     5 ||    10
       Great sword       |       |       |       |       |       |   270 |   233 ||   503
       Double sword      |       |       |       |       |       |     8 |       ||     8
       Quick blade       |       |       |       |       |       |       |    31 ||    31
